 Dungeon Crawl Stone Soup version 0.26-a0-631-ged93497179 (webtiles) character file.

Game seed: 13103409156691459928

236 Drevant2 the Caller (level 5, -2/28 HPs)
             Began as a Deep Elf Summoner on Sept 13, 2020.
             Was an Initiate of Sif Muna.
             Slain by a gnoll
             ... wielding a +0 flail
              (8 damage)
             ... on level 4 of the Dungeon.
             The game lasted 00:10:53 (4776 turns).

Drevant2 the Caller (Deep Elf Summoner)             Turns: 4776, Time: 00:10:53

Health: -2/28      AC:  4    Str:  6    XL:     5   Next: 77%
Magic:  7/13       EV: 13    Int: 20    God:    Sif Muna [......]
Gold:   168        SH:  0    Dex: 15    Spells: 7/13 levels left

rFire    . . .     SeeInvis .   c - +0 dagger
rCold    . . .     Faith    .   (no shield)
rNeg     . . .     Spirit   .   a - +0 robe
rPois    .         Reflect  .   h - +0 helmet
rElec    .         Harm     .   o - +0 cloak
rCorr    .         Rampage  .   (no gloves)
MR       .....                  (no boots)
Stlth    ++........             (no amulet)
HPRegen  0.09/turn              (no ring)
MPRegen  0.13/turn              (no ring)

@: no status effects
A: no striking features
a: Renounce Religion


You were on level 4 of the Dungeon.
You worshipped Sif Muna.
Sif Muna was noncommittal.
You visited 1 branch of the dungeon, and saw 4 of its levels.

You collected 168 gold pieces.

Inventory:

Hand Weapons
 c - a +0 dagger (weapon)
Armour
 a - a +0 robe (worn)
 h - a +0 helmet (worn)
 o - a +0 cloak (worn)
Magical Staves
 q - an uncursed staff of conjuration {unknown}
Jewellery
 p - an uncursed amulet of reflection {unknown}
 r - an uncursed ring of magical power {unknown}
Scrolls
 e - a scroll of identify {unknown}
 g - 2 scrolls of amnesia {unknown}
 i - 2 scrolls of teleportation {unknown}
 j - 2 scrolls of fog {unknown}
 l - 3 scrolls of remove curse {unknown}
 m - a scroll of random uselessness {unknown}
 n - a scroll of magic mapping {unknown}
Potions
 b - 3 potions of curing
 d - a potion of heal wounds
 f - a potion of ambrosia {unknown}
 k - a potion of invisibility {unknown}


   Skills:
 - Level 2.4 Dodging
 - Level 2.4 Stealth
 + Level 4.5 Spellcasting
 * Level 7.2 Summonings


You had 7 spell levels left.
You knew the following spells:

 Your Spells              Type           Power        Failure   Level
a - Summon Small Mammal   Summ           ####         1%          1
b - Call Imp              Summ           ####....     1%          2
c - Call Canine Familiar  Summ           ####....     1%          3

Your spell library contained the following spells:

 Spells                   Type           Power        Failure   Level
 Summon Guardian Golem    Hex/Summ       ###.....     9%          3
 Summon Ice Beast         Ice/Summ       ###.....     26%         4
 Summon Lightning Spire   Summ/Air       ###.....     26%         4


Dungeon Overview and Level Annotations

Branches:
Dungeon (4/15)
 Temple: D:4-7

Altars:
Ashenzari
Cheibriados
Elyvilon
Gozag
Ru
Sif Muna
Trog
Wu Jian
Zin


Message History

The gnoll hits you from afar with a +0 halberd!
Ouch! That really hurt!
Your crimson imp barely misses the gnoll.
The gnoll misses you.
Your hound bites the gnoll but does no damage.
Your crimson imp closely misses the gnoll.
Casting: Call Imp (safe; 1% risk of failure)
Confirm with . or Enter, or press ? or * to list all spells.
A beastly little devil appears in a puff of flame.
Your hound bites the gnoll.
The gnoll hits your crimson imp with a +0 halberd.
The gnoll hits you with a +0 flail.
* * * LOW HITPOINT WARNING * * *
Your hound bites the gnoll.
Your crimson imp hits the gnoll.
The gnoll hits your crimson imp with a +0 halberd!
Your crimson imp dies!
Your hound bites the gnoll.
Your crimson imp blinks!
The gnoll hits you with a +0 flail!
You die...

.........# ######.##
#.....#########
#.#............
#.#.######...#'
#########.#.##.........
.#.#...†[5.#.#.##.###.....
........§....(........'.....
...#.#.#...@...###..###..<..
. >.......g..#####..###.....
#...#?#.#.h....##..#.......
#.###.#.#.#g##.##.##.#.....
# <.#.#....#.##.##.#.....
##...####.#.##.##.####.. ##
#...##.##.# #.. ##..##.##.#
### #........#


You could see 2 gnolls, a friendly hound (summoned) and a friendly crimson imp
(summoned).

Vanquished Creatures
  An ooze (D:3)
  A dart slug (D:1)
  2 leopard geckos
  An orc (D:3)
  A giant cockroach (D:3)
  2 goblins
  2 hobgoblins
  A kobold (D:1)
  A quokka (D:4)
  5 bats
  6 frilled lizards
  5 rats
28 creatures vanquished.

Vanquished Creatures (collateral kills)
  Grinder (D:4)
  A crocodile (D:4)
  Natasha (D:4)
  A gnoll (D:4)
  4 adders
  A worm (D:2)
  A dart slug (D:1)
  3 leopard geckos
  An orc (D:4)
  3 bats
  5 goblins
  4 hobgoblins
  4 kobolds
  A frilled lizard (D:1)
  3 rats (D:1)
34 creatures vanquished.

Grand Total: 62 creatures vanquished

Notes
Turn   | Place    | Note
-------+----------+-------------------------------------------
     0 | D:1      | Drevant2 the Deep Elf Summoner began the quest for the Orb.
     0 | D:1      | Reached XP level 1. HP: 10/10 MP: 6/6
   277 | D:1      | Reached XP level 2. HP: 15/15 MP: 8/8
   281 | D:1      | Learned a level 2 spell: Call Imp
   294 | D:1      | Reached skill level 5 in Summonings
  1557 | D:2      | Reached XP level 3. HP: 19/19 MP: 4/9
  1921 | D:2      | Found a shimmering blue altar of Sif Muna.
  1922 | D:2      | Found a sacrificial altar of Ru.
  1922 | D:2      | Found a glowing silver altar of Zin.
  1932 | D:2      | Became a worshipper of Sif Muna the Loreminder
  2948 | D:2      | Learned a level 3 spell: Call Canine Familiar
  3213 | D:3      | Reached skill level 6 in Summonings
  3571 | D:3      | Reached XP level 4. HP: 24/24 MP: 4/10
  4271 | D:4      | Noticed Grinder
  4341 | D:4      | Killed Grinder
  4341 | D:4      | Reached XP level 5. HP: 28/28 MP: 4/13
  4592 | D:4      | Noticed Natasha
  4604 | D:4      | Killed Natasha
  4639 | D:4      | Noticed a crocodile
  4656 | D:4      | Killed a crocodile
  4656 | D:4      | Reached skill level 7 in Summonings
  4690 | D:4      | Found a shattered altar of Ashenzari.
  4693 | D:4      | Found an ornate altar of the Wu Jian Council.
  4693 | D:4      | Found a white marble altar of Elyvilon.
  4693 | D:4      | Found a bloodstained altar of Trog.
  4700 | D:4      | Found a snail-covered altar of Cheibriados.
  4700 | D:4      | Found an opulent altar of Gozag.
  4765 | D:4      | HP: 1/28 [gnoll/+0 halberd (16)]
  4776 | D:4      | Slain by a gnoll

Illustrated notes

Levels and vault maps discovered:
D:1:      matt_arrival_diagonals, layout_rooms
D:2:      layout_basic, gammafunk_temple_overflow_claw, minmay_misc_feat_cross,
          small_statue_intersection
D:3:      layout_basic
D:4:      layout_basic, minmay_overflow_temple_hex, uniq_grinder, uniq_natasha

Skill      XL: |  1  2  3  4  5 |
---------------+----------------+-----
Summonings     | 5 6 7 |  7.2
Spellcasting   | 4 |  4.5
Dodging        | |  2.4
Stealth        | |  2.4

Action                   |  1- 3 |  4- 6 || total
-------------------------+-------+-------++-------
Melee: Dagger            |   150 |    59 ||   209
       Unarmed           |    10 |       ||    10
 Cast: Summon Small Mamm |    10 |       ||    10
       Call Imp          |    22 |    10 ||    32
       Call Canine Famil |     1 |     5 ||     6
  Use: Potion            |     1 |     2 ||     3
 Stab: Sleeping          |     3 |     1 ||     4
       Distracted        |     1 |       ||     1
Armor: Robe              |    34 |    10 ||    44
Dodge: Dodged            |   156 |    46 ||   202

Table legend: (Time is in decaauts)
 A = Elapsed time spent in this place.
 B = Non-inter-level travel time spent in this place.
 C = Inter-level travel time spent in this place.
 D = Time resting spent in this place.
 E = Time spent auto-exploring this place.
 F = Levels seen in this place.
 G = Mean time per level.
                   A        B        C        D        E       F      G
               +--------+--------+--------+--------+--------+-----+--------+
         Total |   4780 |   4658 |    122 |   2280 |   1584 |   4 | 1195.0 |
       Dungeon |   4780 |   4658 |    122 |   2280 |   1584 |   4 | 1195.0 |
               +--------+--------+--------+--------+--------+-----+--------+

Top non-repeatable levels by time:
     D:1: 1541 daAuts
     D:2: 1418 daAuts
     D:3: 1261 daAuts
     D:4: 558 daAuts
